Map: Romanticide LE

Players

PattyMac - Winner!

  • Race: Protoss Protoss
  • League: Grandmaster
  • Spawn Location: 11:00

TLO

  • Race: Zerg Zerg
  • League: Master
  • Spawn Location: 5:00

Event: DreamHack SC2 Masters 2020 Winter

VOD

Have the link to the VOD?

Description

Time

  • Played on: Oct. 27, 2020, 5:45 p.m.
  • Length: 14:08

All games in this series

Show
View Real Time Build Order
Export as new Build Order

PattyMac Protoss - Winner!

Build Orders: 1 Gate Expand, Oracle Opening, Archon Immortal 

Get SALT Encoding   

  12  0:00  Probe  
  13  0:14  Pylon  
  13  0:17  Probe (Chrono Boost)  
  14  0:27  Probe (Chrono Boost)  
  15  0:32  Probe (Chrono Boost)  
  16  0:42  Gateway  
  16  0:45  Probe  
  17  0:51  Assimilator  
  17  0:57  Probe  
  18  1:09  Probe  
  19  1:21  Probe  
  20  1:29  Nexus  
  20  1:34  Cybernetics Core  
  20  1:38  Probe  
  21  1:43  Assimilator  
  21  1:50  Probe  
  21  1:53  Pylon  
  22  2:02  Probe (Chrono Boost)  
  23  2:09  Adept (Chrono Boost)  
  26  2:16  Probe (Chrono Boost)  
  26  2:21  Stargate  
  26  2:22  Probe (Chrono Boost)  
  27  2:32  Warp Gate, Probe (Chrono Boost)  
  27  2:36  Adept  
  30  2:42  Probe (Chrono Boost)  
  32  2:49  Probe (Chrono Boost)  
  32  2:50  Probe (Chrono Boost)  
  33  2:52  Pylon  
  33  2:55  Probe (Chrono Boost)  
  33  2:56  Probe  
  35  3:02  Oracle (Chrono Boost)  
  38  3:07  Probe  
  38  3:08  Probe  
  38  3:11  Adept  
  42  3:19  Probe  
  43  3:21  Probe  
  43  3:22  Gateway  
  44  3:31  Probe  
  44  3:33  Probe, Oracle (Chrono Boost)  
  46  3:38  Pylon  
  49  3:43  Probe  
  49  3:45  Probe  
  51  3:55  Probe  
  51  3:57  Probe  
  51  4:00  Nexus  
  53  4:05  Pylon  
  53  4:07  Probe  
  53  4:09  Probe  
  55  4:11  Assimilator  
  55  4:13  Assimilator  
  55  4:15  Twilight Council  
  55  4:20  Probe  
  55  4:21  Forge  
  56  4:24  Sentry  
  56  4:26  Probe  
  56  4:28  Stalker  
  61  4:39  Probe x2  
  61  4:44  Pylon  
  63  4:47  Pylon  
  63  4:51  Probe x2  
  65  4:54  Charge, Protoss Ground Weapons Level 1  
  65  5:00  Zealot  
  65  5:01  Zealot  
  65  5:04  Probe (Chrono Boost)  
  71  5:07  Robotics Facility  
  71  5:09  Probe (Chrono Boost)  
  71  5:13  Probe (Chrono Boost)  
  73  5:15  Phoenix, Probe (Chrono Boost)  
  73  5:17  Gateway  
  73  5:18  Probe (Chrono Boost)  
  73  5:20  Gateway  
  72  5:23  Probe (Chrono Boost)  
  72  5:24  Probe (Chrono Boost)  
  72  5:28  Assimilator  
  73  5:30  Probe (Chrono Boost)  
  73  5:31  Assimilator  
  73  5:33  Probe (Chrono Boost)  
  73  5:34  Pylon, Probe (Chrono Boost)  
  75  5:36  Probe (Chrono Boost)  
  75  5:37  Templar Archives  
  75  5:39  Sentry  
  78  5:47  Probe  
  78  5:49  Probe x2  
  81  5:57  Gateway  
  81  5:58  Gateway, Observer (Chrono Boost)  
  81  5:59  Probe  
  81  6:01  Probe x2  
  85  6:08  Psionic Storm, Gateway  
  85  6:09  Photon Cannon  
  85  6:11  Probe  
  85  6:16  Gateway  
  86  6:18  High Templar  
  86  6:19  High Templar, Zealot  
  86  6:23  High Templar  
  94  6:30  Pylon  
  94  6:32  Pylon x2, Immortal (Chrono Boost)  
  94  6:38  Pylon  
  98  6:40  Gateway  
  98  6:42  Shield Battery  
  98  6:43  High Templar  
  100  6:51  High Templar, Pylon  
  100  6:53  Zealot x3  
  108  7:04  Photon Cannon  
  108  7:05  Photon Cannon  
  108  7:06  Photon Cannon  
  108  7:10  Immortal  
  108  7:15  Zealot x3  
  118  7:27  Zealot x5  
  110  7:44  Zealot x3  
  110  7:46  Immortal (Chrono Boost)  
  110  7:48  Archon x2  
  110  7:54  High Templar  
  110  7:55  High Templar x3  
  110  7:56  Probe x3, Protoss Ground Weapons Level 2 (Chrono Boost)  
  121  7:59  Gateway  
  121  8:10  Photon Cannon  
  121  8:11  Shield Battery  
  121  8:13  Pylon  
  121  8:18  Warp Prism  
  123  8:31  High Templar x2  
  123  8:32  High Templar x2, Pylon  
  131  8:34  Zealot  
  131  8:35  Archon  
  131  8:36  Archon  
  131  8:38  Pylon, Zealot x3  
  139  8:44  Nexus  
  139  8:48  Pylon  
  139  8:55  High Templar  
  139  8:56  High Templar  
  139  8:58  Immortal  
  139  8:59  Zealot x3  
  139  9:00  Archon  
  149  9:09  Zealot x2  
  150  9:10  Zealot  
  148  9:18  Probe  
  146  9:28  High Templar x2  
  148  9:34  Nexus  
  148  9:37  Archon, Immortal (Chrono Boost)  
  142  9:41  Zealot x7  
  153  9:50  Probe  
  140  10:06  Fleet Beacon  
  140  10:13  Warp Prism (Chrono Boost)  
  130  10:14  Photon Cannon  
  130  10:15  Photon Cannon  
  130  10:17  High Templar x2, Photon Cannon  
  130  10:18  Pylon  
  130  10:19  Protoss Ground Weapons Level 3 (Chrono Boost)  
  134  10:22  Zealot x2  
  134  10:23  Zealot x3  
  144  10:30  Pylon  
  144  10:32  Assimilator, Zealot  
  146  10:36  Assimilator, Gateway  
  146  10:45  High Templar x4  
  146  10:46  High Templar  
  146  10:49  Probe x3  
  159  10:50  Archon x2  
  159  10:54  Probe  
  160  10:58  Zealot x4  
  160  11:03  Mothership (Chrono Boost)  
  176  11:15  Photon Cannon  
  176  11:17  Probe x2 (Chrono Boost)  
  178  11:20  Shield Battery  
  178  11:23  High Templar x2  
  178  11:25  Zealot x2  
  186  11:27  Archon  
  186  11:28  Zealot  
  186  11:29  Zealot  
  190  11:46  Zealot x2, Probe (Chrono Boost)  
  190  11:47  Zealot x2  
  183  12:07  Zealot x8  
  177  12:25  Zealot x2  
  181  12:31  Stargate  
  181  12:35  Stargate  
  139  12:48  Carrier (Chrono Boost)  
  141  12:53  Zealot x10  
  155  13:04  Pylon  
  155  13:05  Archon x2  
  149  13:13  High Templar  
  149  13:14  High Templar x4  
  149  13:15  High Templar x3  
  149  13:16  High Templar x2  
  149  13:18  Archon x2  
  149  13:19  Archon  
  163  13:48  Stalker x8  
Show
View Real Time Build Order
Export as new Build Order

TLO Zerg 

Build Orders: Hatch First 

Get SALT Encoding   

  12  0:00  Drone  
  13  0:12  Overlord  
  13  0:16  Drone  
  14  0:30  Drone  
  14  0:31  Drone  
  16  0:47  Drone  
  16  0:48  Drone  
  18  0:55  Hatchery  
  17  0:58  Drone  
  18  1:04  Extractor  
  17  1:12  Spawning Pool  
  17  1:16  Drone  
  17  1:19  Drone  
  18  1:28  Drone  
  19  1:38  Drone  
  20  1:49  Overlord  
  20  1:59  Queen  
  22  2:04  Metabolic Boost  
  22  2:06  Queen  
  22  2:07  Zergling x2  
  25  2:08  Zergling x2  
  25  2:12  Drone  
  27  2:18  Drone  
  27  2:22  Drone  
  29  2:29  Drone  
  30  2:36  Hatchery  
  29  2:38  Drone  
  29  2:42  Drone  
  31  2:47  Overlord  
  31  2:50  Drone  
  32  2:55  Queen  
  34  2:58  Zergling x2  
  34  3:02  Overlord  
  34  3:04  Drone  
  36  3:08  Drone  
  36  3:09  Zergling x2  
  36  3:11  Drone  
  39  3:14  Drone  
  39  3:17  Overlord  
  40  3:21  Drone x2  
  40  3:24  Drone  
  43  3:31  Spore Crawler  
  42  3:34  Spore Crawler  
  42  3:38  Drone x3  
  42  3:39  Drone  
  45  3:42  Drone  
  45  3:43  Zergling x2  
  45  3:45  Drone  
  45  3:47  Drone  
  49  3:54  Spore Crawler  
  48  3:55  Drone  
  48  3:58  Drone  
  48  3:59  Drone  
  48  4:01  Drone x2  
  48  4:02  Drone x2  
  55  4:07  Drone  
  55  4:09  Queen  
  58  4:12  Overlord  
  58  4:14  Drone  
  58  4:16  Drone  
  60  4:19  Drone  
  60  4:21  Drone x2  
  63  4:24  Lair  
  63  4:26  Drone  
  63  4:27  Drone  
  63  4:30  Drone  
  65  4:32  Drone  
  65  4:33  Drone  
  65  4:34  Drone  
  65  4:37  Drone  
  66  4:39  Extractor  
  66  4:42  Drone  
  66  4:44  Extractor x2, Overlord  
  64  4:49  Drone x5  
  64  4:50  Drone  
  64  4:52  Drone  
  71  4:53  Drone  
  71  4:58  Drone, Baneling Nest  
  72  5:02  Drone  
  72  5:03  Drone, Extractor x2  
  72  5:10  Drone  
  72  5:11  Drone  
  74  5:15  Drone  
  74  5:18  Drone x2  
  74  5:20  Drone  
  76  5:28  Drone  
  76  5:29  Drone, Hydralisk Den  
  76  5:30  Hydralisk Den  
  76  5:33  Drone  
  76  5:34  Drone x2  
  79  5:36  Overseer  
  79  5:38  Zergling x4  
  79  5:39  Hatchery  
  79  5:42  Overlord  
  80  5:43  Zergling x2  
  80  5:45  Overlord  
  80  5:49  Overlord  
  81  5:51  Overlord  
  81  5:56  Overlord  
  81  5:59  Muscular Augments, Centrifical Hooks, Grooved Spines  
  81  6:00  Hydralisk x2  
  81  6:01  Hydralisk  
  87  6:07  Hydralisk  
  87  6:10  Drone x2  
  91  6:11  Overlord  
  91  6:13  Overlord  
  91  6:14  Hydralisk x2  
  91  6:17  Hydralisk  
  97  6:19  Hydralisk  
  97  6:21  Hydralisk  
  101  6:25  Overlord  
  101  6:26  Overlord  
  101  6:27  Hydralisk  
  101  6:29  Zergling x2  
  101  6:32  Hydralisk  
  106  6:34  Zergling x2  
  106  6:36  Hydralisk  
  106  6:38  Zergling x4  
  110  6:40  Hydralisk  
  110  6:43  Hydralisk  
  110  6:44  Zergling x2  
  115  6:50  Hydralisk  
  115  6:51  Hydralisk  
  119  6:55  Baneling x11  
  119  6:56  Hydralisk  
  119  6:59  Hydralisk  
  119  7:01  Zergling x2  
  124  7:03  Hydralisk  
  124  7:06  Baneling  
  124  7:07  Baneling  
  126  7:10  Zergling x2  
  126  7:11  Zergling x2  
  126  7:13  Zergling x2  
  126  7:18  Zergling x4  
  126  7:21  Hydralisk  
  126  7:22  Hydralisk x2  
  126  7:23  Hydralisk x2  
  126  7:24  Zergling x2  
  126  7:25  Zergling x2  
  126  7:26  Zergling x2  
  132  7:30  Hydralisk  
  132  7:32  Hydralisk  
  132  7:33  Hydralisk  
  132  7:36  Zergling x2  
  124  7:37  Zergling x2  
  124  7:38  Hydralisk  
  124  7:40  Zergling x4  
  124  7:41  Hydralisk  
  112  7:44  Hydralisk  
  112  7:45  Zergling x2  
  112  7:47  Hydralisk  
  112  7:49  Zergling x2  
  112  7:51  Hydralisk  
  105  7:52  Zergling x4  
  105  7:55  Drone  
  105  7:56  Baneling  
  105  7:57  Drone x2, Baneling x2  
  112  7:59  Drone x3  
  112  8:00  Overlord  
  115  8:05  Hydralisk x2  
  115  8:09  Baneling x3  
  115  8:10  Drone  
  120  8:13  Overlord  
  120  8:14  Extractor  
  120  8:15  Extractor  
  120  8:16  Hydralisk  
  120  8:17  Baneling x4  
  120  8:18  Zergling x2  
  120  8:19  Zergling x2  
  122  8:21  Baneling  
  122  8:22  Baneling, Zergling x2  
  122  8:23  Zergling x4  
  122  8:25  Hydralisk  
  127  8:28  Drone, Hydralisk  
  127  8:30  Overlord  
  127  8:31  Hydralisk  
  127  8:34  Hydralisk  
  132  8:37  Hydralisk  
  137  8:41  Zergling x4  
  137  8:42  Zergling x4  
  137  8:46  Drone, Infestation Pit  
  139  8:48  Zergling x2  
  139  8:49  Baneling x4  
  139  8:54  Hydralisk  
  139  8:55  Hydralisk x2  
  144  8:58  Hydralisk  
  144  9:01  Zergling x4  
  149  9:05  Zergling x2  
  149  9:07  Hydralisk x2  
  149  9:08  Hydralisk  
  149  9:09  Zergling x2  
  157  9:14  Zergling x2  
  148  9:18  Hydralisk  
  148  9:23  Hive  
  148  9:24  Zergling x6  
  149  9:29  Zergling x4  
  149  9:30  Queen, Spire  
  149  9:31  Zergling x2  
  149  9:33  Zergling x2  
  149  9:34  Zergling x6  
  149  9:35  Zergling x2  
  149  9:37  Baneling x8  
  153  9:39  Hydralisk  
  153  9:44  Zergling x2, Hydralisk  
  156  9:45  Zergling x2  
  156  9:46  Zergling x4  
  156  9:48  Zergling x2  
  156  9:49  Zergling x2  
  156  9:50  Hydralisk  
  156  9:52  Zergling x2  
  141  9:54  Hydralisk  
  141  9:55  Zergling x2  
  141  9:58  Hydralisk  
  141  9:59  Zergling x2  
  131  10:01  Hydralisk  
  131  10:03  Drone  
  131  10:04  Drone  
  131  10:05  Drone  
  131  10:06  Zergling x2  
  132  10:11  Drone  
  132  10:12  Drone x2  
  132  10:13  Drone  
  132  10:14  Drone  
  131  10:22  Drone x3  
  131  10:23  Drone  
  131  10:26  Overlord  
  135  10:31  Baneling x3  
  135  10:42  Greater Spire  
  135  10:43  Zergling x2  
  135  10:49  Corruptor  
  135  10:50  Corruptor x5  
  135  10:53  Hydralisk  
  135  10:55  Hydralisk  
  135  10:56  Zergling x2  
  152  10:58  Overseer  
  152  10:59  Drone  
  152  11:01  Zergling x2, Overlord  
  154  11:04  Corruptor  
  154  11:05  Overseer  
  154  11:07  Drone  
  157  11:16  Overlord  
  157  11:17  Corruptor  
  160  11:18  Zergling x2  
  160  11:27  Zergling x2  
  160  11:30  Zergling x2  
  162  11:36  Zergling x2  
  162  11:39  Baneling x5  
  163  11:41  Zergling x4  
  163  11:42  Zergling x2  
  163  11:43  Zergling x6  
  163  11:44  Baneling, Zergling x14  
  163  11:45  Baneling x9, Zergling x2  
  163  11:46  Zergling x4  
  177  11:54  Brood Lord x3  
  177  11:56  Overlord  
  177  11:58  Zergling x2  
  177  11:59  Zergling x2  
  177  12:02  Brood Lord x2  
  177  12:04  Zergling x2  
  177  12:05  Zergling x2  
  177  12:06  Zergling x2  
  177  12:07  Zergling x2  
  175  12:08  Zergling x2  
  175  12:09  Zergling x2  
  175  12:10  Hydralisk  
  175  12:15  Zergling x2  
  157  12:16  Zergling x2, Hydralisk  
  157  12:17  Hydralisk  
  157  12:18  Hydralisk x2  
  157  12:21  Hydralisk  
  140  12:27  Hydralisk  
  140  12:28  Zergling x2  
  135  12:34  Hydralisk  
  118  12:38  Zergling x2  
  118  12:39  Zergling x2  
  118  12:41  Hydralisk  
  118  12:42  Hydralisk  
  118  12:43  Zergling x2  
  96  12:44  Zergling x2  
  96  12:47  Zergling x4  
  94  12:54  Zergling x2  
  94  12:56  Hydralisk  
  94  12:58  Hydralisk  
  99  13:07  Hydralisk  
  99  13:08  Hydralisk  
  99  13:09  Hydralisk  
  98  13:13  Brood Lord  
  98  13:17  Baneling x3  
  98  13:19  Zergling x2  
  101  13:22  Hydralisk  
  99  13:31  Hydralisk  
  97  13:34  Hydralisk x2  
  97  13:36  Overseer  
  97  13:42  Hydralisk  
  97  13:43  Zergling x2  
  97  13:45  Overseer  
  97  13:46  Zergling x2  
Tags
 
Add a new tag
Caveats
  • Supply blocks, unpowered buildings, or Contaminate may cause inaccurate times.
  • Supply counts are checked every 10 seconds.